 Dungeon Crawl Stone Soup version 0.14-a0-1721-g84c87b2 (webtiles) character file.

154 Kae the Skirmisher (level 4, 0/33 HPs)
             Began as a Formicid Abyssal Knight on Jan 2, 2014.
             Was a Believer of Lugonu.
             Slain by a hound (4 damage)
             ... on Level 2 of the Dungeon.
             The game lasted 00:02:45 (1866 turns).

Kae the Skirmisher (Formicid Abyssal Knight)        Turns: 1866, Time: 00:02:46

HP   0/33        AC  4     Str 18      XL: 4   Next: 72%
MP   5/5         EV 11     Int 11      God: Lugonu [**....]
Gold 84          SH  0     Dex 10      Spells:  0 memorised,  3 levels left

rFire  . . .     SeeInvis +     a - +2 falchion
rCold  . . .     Clarity  .     b - +0 leather armour
rNeg   . . .     Conserve .     (no shield)
rPois  x         rCorr    .     (helmet unavailable)
rElec  .         rRot     .     (no cloak)
SustAb . .       Spirit   .     (no gloves)
rMut   .         Warding  .     (no boots)
Saprov . . .     Stasis   +     (no amulet)
                                (no ring)
                                (no ring)

@: slightly resistant to hostile enchantments, unstealthy
A: permanent stasis, dig shafts and tunnels, four strong arms, poison weakness,
antennae 3, exoskeleton 1
a: Dig, Shaft Self, Depart the Abyss, Bend Space, Renounce Religion


You were on level 2 of the Dungeon.
You worshipped Lugonu.
Lugonu was pleased with you.
You were very hungry.

You visited 1 branch of the dungeon, and saw 3 of its levels.
You visited the Abyss 1 time.

You collected 84 gold pieces.

Inventory:

Hand weapons
 a - a +2,+2 falchion (weapon)
Armour
 b - a +0 leather armour (worn)
Comestibles
 c - 2 bread rations
 f - a pear
 l - a meat ration
Scrolls
 d - 2 scrolls of identify {unknown}
 e - 2 scrolls of remove curse {unknown}
 h - a scroll of fog {unknown}
 i - a scroll of enchant armour {unknown}
 j - a scroll of teleportation {unknown}
 k - a scroll of blinking {unknown}
Potions
 g - a potion of curing {unknown}


   Skills:
 + Level 3.6 Fighting
 + Level 2.8 Long Blades
 + Level 2.8 Armour
 + Level 1.9 Dodging
 + Level 0.6 Stealth
 + Level 2.1 Invocations


You had 3 spell levels left.
You didn't know any spells.

Dungeon Overview and Level Annotations

Branches:
Dungeon (3/16)

Altars:

Annotations:
D:3 Terence


Innate Abilities, Weirdness & Mutations

Your are under a permanent stasis effect.
You can dig through walls and to a lower floor.
Your four strong arms can wield any weapon, most with a shield.
You are susceptible to poison.
You have a pair of large antennae on your head (SInv).
Your body is surrounded by an exoskeleton. (HP +5, AC +1)


Message History

The hound bites you.
* * * LOW HITPOINT WARNING * * *
The hound bites you but does no damage. The hound bites you.
* * * LOW HITPOINT WARNING * * *
You closely miss the hound. The hound misses you.
You hit the hound.
The hound is lightly wounded.
The hound misses you. The hound closely misses you.
You hit the hound.
The hound is lightly wounded.
The hound bites you but does no damage. The hound closely misses you.
You slash the hound!
The hound is severely wounded.
The hound bites you.
* * * LOW HITPOINT WARNING * * *
You closely miss the hound.
The hound is severely wounded.
The hound bites you.
You die...

#...............# #.#
########.#.......# #.#
#....# #.#.......# #.#
#....# #.#.......# #.#
#....# #.######### #.#
#....# #.# #.# #....#
#.# #.#
##....###.############.#
.'....'........h@.[....#
##....###.#.############
###### #.#.# #.#.#####
#.#.....# #.#####.#
#.#####.# #.....#.#
####.##.#


You could see a hound.

Vanquished Creatures
  Jessica (D:3)
  2 adders (D:2)
  2 giant geckos
  A giant cockroach (D:2)
  6 goblins
  3 hobgoblins (D:1)
  4 kobolds
  6 bats
  3 giant newts
  8 rats
36 creatures vanquished.

Notes
Turn   | Place    | Note
--------------------------------------------------------------
     0 | Abyss:1  | Kae, the Formicid Abyssal Knight, began the quest for the Orb.
     0 | Abyss:1  | Reached XP level 1. HP: 19/19 MP: 1/1
    10 | D:1      | Escaped the Abyss
    68 | D:1      | Reached skill level 1 in Dodging
   292 | D:1      | Reached XP level 2. HP: 21/24 MP: 2/2
  1019 | D:2      | Reached XP level 3. HP: 25/28 MP: 4/4
  1053 | D:2      | Acquired Lugonu's second power
  1198 | D:2      | Reached XP level 4. HP: 15/33 MP: 5/5
  1543 | D:3      | Noticed Terence
  1672 | D:3      | Noticed Jessica
  1678 | D:3      | Killed Jessica
  1866 | D:2      | Slain by a hound

Action                   |  1- 3 |  4- 6 || total
-------------------------+-------+-------++-------
Melee: Falchion          |    94 |    36 ||   130
